 Dungeon Crawl Stone Soup version 0.28.0 (webtiles) character file.

Game seed: 3650554470714738616

56 Sanktem7 the Slasher (level 3, -5/34 HPs)
             Began as a Minotaur Berserker on Feb 14, 2022.
             Was a Believer of Trog.
             Shot with an arrow by a centaur (9 damage)
             ... on level 3 of the Dungeon.
             The game lasted 00:02:20 (2468 turns).

Sanktem7 the Slasher (Minotaur Berserker)           Turns: 2468, Time: 00:02:21

Health: -5/34      AC:  2    Str: 23    XL:     3   Next: 71%
Magic:  2/2        EV: 11    Int:  4    God:    Trog [**....]
Gold:   89         SH:  2    Dex:  9    Spells: 2/2 levels left

rFire   . . .      SeeInvis .   a - +0 falchion
rCold   . . .      Faith    .   k - +0 buckler
rNeg    . . .      Spirit   .   b - +0 animal skin
rPois   .          Reflect  .   (helmet restricted)
rElec   .          Harm     .   (no cloak)
rCorr   .          Rampage  .   (no gloves)
Will    .....                   (no boots)
Stlth   +.........              (no amulet)
HPRegen 0.11/turn               (no ring)
MPRegen 0.08/turn               (no ring)

@: no status effects
A: horns 2, retaliatory headbutt
a: Renounce Religion, Berserk, Trog's Hand


You were on level 3 of the Dungeon.
You worshipped Trog.
Trog was pleased with you.
You visited 1 branch of the dungeon, and saw 3 of its levels.

You collected 89 gold pieces.

Inventory:

Hand Weapons
 a - a +0 falchion (weapon)
Armour
 b - a +0 animal skin (worn)
 k - a +0 buckler (worn)
Scrolls
 d - a scroll of silence {unknown}
 e - a scroll of fear {unknown}
 f - a scroll of summoning {unknown}
 g - a scroll of immolation {unknown}
 i - a scroll of amnesia {unknown}
 j - a scroll of identify {unknown}
 m - a scroll of teleportation {unknown}
Potions
 c - a potion of haste {unknown}
 h - 2 potions of curing {unknown}
 l - a potion of invisibility {unknown}


   Skills:
 * Level 4.6 Fighting
 * Level 4.8 Long Blades
 * Level 2.7 Armour
 - Level 2.1 Dodging


You had 2 spell levels left.
You didn't know any spells.
Your spell library was empty.

Dungeon Overview and Level Annotations

Branches:
Dungeon (3/15)

Altars:


Innate Abilities, Weirdness & Mutations

You have a pair of horns on your head.
You reflexively headbutt those who attack you in melee.


Message History

You hit the goblin.
You kill the goblin!
Trog accepts your kill.
No target in view!
No target in view!
No target in view!
No target in view!
No target in view!
No target in view!
No target in view!
No target in view!
No target in view!
No target in view!
No target in view!
No target in view!
No target in view!
No target in view!
Things that are here:
a +0 whip; 3 poisoned darts; a kobold corpse You now have 89 gold pieces (gained 11).
A centaur comes into view.
The centaur shouts!
The centaur wields a +0 shortbow.
The centaur shoots an arrow.
The arrow closely misses you.
A centaur is nearby!
A centaur is nearby!
A centaur is nearby!
A worm comes into view.
The centaur shoots an arrow.
You block the arrow.
The centaur shoots an arrow.
The arrow hits you!
The centaur shoots an arrow.
The arrow hits you!
You are too injured to fight recklessly!
You are too injured to fight recklessly!
You are too injured to fight recklessly!
You are too injured to fight recklessly!
There are monsters nearby!
The centaur shoots an arrow.
The arrow hits you!
* * * LOW HITPOINT WARNING * * *
The centaur shoots an arrow.
The arrow hits you!
You die...

........# #......#######
#............#
#......#..##.#
###......#..<#.#... .
..$...............
..####....#.#<..###... #
#........#.#.#....... .#
##c.....@##.......#####.#
..w......................
.........##.....#.###.#..
.........##..........))..
.......####..........)#..
....### #...........# .
#### ####........#
#........# #........#


You could see a centaur and a worm.

Vanquished Creatures
  An adder (D:2)
  A worm (D:3)
  A dart slug (D:2)
  3 ball pythons
  2 endoplasms
  3 giant cockroaches
  4 goblins
  6 hobgoblins (D:1)
  3 quokkas
  6 bats
  2 frilled lizards
  4 kobolds
  4 rats
40 creatures vanquished.

Notes
Turn   | Place    | Note
-------+----------+-------------------------------------------
     0 | D:1      | Sanktem7 the Minotaur Berserker began the quest for the
                  | Orb.
     0 | D:1      | Reached XP level 1. HP: 19/19 MP: 0/0
   537 | D:1      | Reached XP level 2. HP: 24/27 MP: 1/1
   589 | D:1      | Found a faded altar of an unknown god.
  1489 | D:2      | Reached XP level 3. HP: 20/34 MP: 2/2
  2267 | D:3      | Reached ** piety under Trog
  2465 | D:3      | Noticed a centaur
  2468 | D:3      | Shot with an arrow by a centaur

Illustrated notes

Levels and vault maps discovered:
D:1:      evilmike_arrival_rings, layout_rooms,
          chequers_ecumenical_altar_twisty, minmay_misc_feat_room,
          minmay_misc_feat_x
D:2:      layout_basic
D:3:      layout_basic, serial_shops, nicolae_shop_crystal, uniq_jessica

Skill      XL: |  1  2 |
---------------+-------+-----
Long Blades    | 4 |  4.8
Fighting       | 4 |  4.6
Armour         | |  2.7
Dodging        | |  2.1

Action                   || total
-------------------------++-------
Melee: Falchion          ||    84
       Headbutt          ||    11
Armor: Animal skin       ||    18
Dodge: Dodged            ||    57
Block: Buckler           ||     4
